 Dungeon Crawl Stone Soup version 0.22-a0-283-g1871b15 (webtiles) character file.

1873 tidbits the Insei (level 9, -1/66 HPs)
             Began as a Gnoll Transmuter on Mar 18, 2018.
             Was an Initiate of Cheibriados.
             Slain by a big kobold
             ... wielding a +0 whip of electrocution
              (17 damage)
             ... on level 8 of the Dungeon.
             The game lasted 00:16:47 (2019 turns).

tidbits the Insei (Gnoll Transmuter)                Turns: 2019, Time: 00:16:48

Health: -1/66      AC:  2    Str: 13    XL:     9   Next: 14%
Magic:  12/18      EV: 26    Int: 21    God:    Cheibriados [......]
Gold:   242        SH:  0    Dex: 21    Spells: 10/20 levels left

rFire    . . .     SeeInvis .     - Unarmed
rCold    . . .     Gourm    .   (shield currently unavailable)
rNeg     . . .     Faith    .   (armour currently unavailable)
rPois    x         Spirit   .   (helmet currently unavailable)
rElec    .         Reflect  .   (cloak currently unavailable)
rCorr    .         Harm     .   (gloves currently unavailable)
MR       .....                  (boots currently unavailable)
Stlth    +++.......             (no amulet)
HPRegen  0.21/turn              (no ring)
MPRegen  0.16/turn              (no ring)

@: spider-form, very slow
A: tiny, distributed training, strong nose
a: End Transformation, Bend Time, Renounce Religion


You were on level 8 of the Dungeon.
You worshipped Cheibriados.
Cheibriados was noncommittal.
You were not hungry.
You were a venomous arachnid creature.
You visited 2 branches of the dungeon, and saw 10 of its levels.

You collected 242 gold pieces.

Inventory:

Hand Weapons
 a - a +0 dagger (melded)
 c - a +0 short sword
 q - a +1 short sword of flaming
   (You took it off a kobold on level 2 of the Dungeon)
 r - a +2 dagger of electrocution
   (You found it on level 2 of the Dungeon)
 t - a +0 hunting sling
 x - a +2 war axe of venom
   (You found it on level 3 of the Dungeon)
 G - a +0 scimitar of flaming
   (You took it off Erica on level 8 of the Dungeon)
 H - a +0 morningstar
Missiles
 f - 17 arrows
 h - 48 stones (quivered)
 w - 3 javelins
 D - 7 tomahawks
Armour
 b - a +0 robe
 B - a +2 animal skin (melded)
 E - a +0 helmet (melded)
 F - a +0 pair of boots (melded)
Magical Staves
 K - an uncursed staff of death {unknown}
   (You found it on level 5 of the Dungeon)
Wands
 p - a wand of paralysis (12)
 v - a wand of enslavement (14)
 A - a wand of disintegration (11)
 L - a wand of acid (7)
Scrolls
 k - 3 scrolls of fog {unknown}
 l - 2 scrolls of enchant armour {unknown}
 o - 4 scrolls of teleportation {unknown}
 s - 4 scrolls of remove curse {unknown}
 u - 3 scrolls of amnesia {unknown}
 y - a scroll of magic mapping {unknown}
 z - 2 scrolls of enchant weapon {unknown}
 C - 2 scrolls of identify {unknown}
 I - a scroll of blinking {unknown}
 M - a scroll of fear {unknown}
Potions
 e - 2 potions of curing
 g - a potion of might {unknown}
 i - 2 potions of mutation {unknown}
 j - 2 potions of lignification {unknown}
 m - 4 potions of haste
 n - 2 potions of flight {unknown}
 J - a potion of heal wounds {unknown}
Comestibles
 d - 6 rations


   Skills:
 + Level 4.7 Fighting
 + Level 3.9 Short Blades
 + Level 3.9 Long Blades
 + Level 3.9 Axes
 + Level 3.9 Maces & Flails
 + Level 3.9 Polearms
 + Level 3.9 Staves
 + Level 3.9 Slings
 + Level 3.9 Bows
 + Level 3.9 Crossbows
 + Level 3.9 Throwing
 + Level 3.9 Armour
 + Level 6.1 Dodging
 + Level 3.9 Stealth
 + Level 3.9 Shields
 + Level 7.7 Unarmed Combat
 + Level 6.4 Spellcasting
 + Level 3.2 Conjurations
 + Level 3.2 Hexes
 + Level 3.2 Charms
 + Level 3.2 Summonings
 + Level 3.2 Necromancy
 + Level 3.2 Translocations
 + Level 5.0 Transmutations
 + Level 3.2 Fire Magic
 + Level 3.2 Ice Magic
 + Level 3.2 Air Magic
 + Level 3.2 Earth Magic
 + Level 3.2 Poison Magic
 + Level 4.2 Invocations
 + Level 3.9 Evocations


You had 10 spell levels left.
You knew the following spells:

 Your Spells              Type           Power        Failure   Level  Hunger
e - Beastly Appendage     Tmut           ####..       5%          1    None
i - Ice Form              Ice/Tmut       ###.....     36%         4    ###....
k - Sticks to Snakes      Tmut           ####....     8%          2    None
p - Spider Form           Tmut/Pois      ###.......   14%         3    #......


Dungeon Overview and Level Annotations

Branches:
Dungeon (9/15)             Temple (1/1) D:6
   Lair: D:8-11         Orc: D:9-12

Altars:
Ashenzari
Cheibriados
Dithmenos
Elyvilon
Fedhas
Hepliaklqana
Kikubaaqudgha
Makhleb
Nemelex Xobeh
Okawaru
Qazlal
Ru
Trog
Uskayaw
Vehumet
Xom
Zin
The Shining One

Shops:
D:4 %


Innate Abilities, Weirdness & Mutations

Your experience applies equally to all skills.
((You have very sharp teeth.))
Your uncanny sense of smell can sniff out nearby items.


Message History

The phantom blinks!
There is a stone staircase leading down here.
You climb downwards.
There is a stone staircase leading up here.
Unknown command.
You climb upwards.
There is a stone staircase leading down here.
Unknown command.
Casting: Spider Form (safe; 5% risk of failure)
Confirm with . or Enter, or press ? or * to list all spells.
You turn into a venomous arachnid creature.
Your +0 dagger melds into your body.
Your +0 helmet melds into your body.
Your +0 pair of boots melds into your body.
Your +2 animal skin melds into your body.
The phantom hits you.
You closely miss the phantom.
The phantom is almost destroyed.
The phantom hits you!
You hit the phantom.
The phantom is almost destroyed.
You hit the phantom.
You destroy the phantom!
Cheibriados appreciates the change of pace.
You see here an adder corpse.
Items here: % ) [[[ an animal skin; a robe; a whip of flaming; a robe; a chunk of flesh Your transformation is almost over.
There is a stone staircase leading up here.
You climb upwards.
There is a stone staircase leading down here.
Unknown command.
There is a stone staircase leading down here.
You climb downwards.
Your transformation has ended.
Your +0 dagger unmelds from your body.
Your +0 helmet unmelds from your body.
Your +0 pair of boots unmelds from your body.
Your +2 animal skin unmelds from your body.
There is a stone staircase leading up here.
Unknown command.
Found 15 gold pieces.
A kobold comes into view. It is wielding a short sword.
The kobold shouts!
A kobold and a big kobold come into view.
The big kobold is wielding a whip of electrocution.
A crimson imp comes into view.
The kobold closely misses the freed slave.
The freed slave hits the kobold but does no damage.
The kobold hits the freed slave but does no damage.
The freed slave closely misses the kobold.
The big kobold shouts!
Things that are here:
15 gold pieces; a wand of paralysis (12) Unknown command.
M - a wand of paralysis (12)
You now have 242 gold pieces (gained 15).
The crimson imp shouts!
You hear a shout! x2
The kobold hits the freed slave but does no damage.
The freed slave closely misses the kobold.
You hear a bark!
Adjust (i)tems, (s)pells, or (a)bilities?
Adjust which item? (? for menu, Esc to quit)
M - a wand of paralysis (12) Adjust to which letter? (? for menu, Esc to quit)
p - a wand of paralysis (12);
M - a scroll labeled ZEVIAS PENUTT
Casting: Spider Form (safe; 4% risk of failure)
Confirm with . or Enter, or press ? or * to list all spells.
You turn into a venomous arachnid creature.
Your +0 dagger melds into your body.
Your +0 helmet melds into your body.
Your +0 pair of boots melds into your body.
Your +2 animal skin melds into your body.
The kobold misses the freed slave.
The freed slave hits the kobold.
You swap places.
A kobold comes into view. It is wielding a club.
The kobold misses you.
A kobold comes into view.
The kobold shouts!
You bite the big kobold!
The big kobold is poisoned.
The big kobold is moderately wounded.
You hear a bark!
The big kobold hits you with a whip of electrocution.
You closely miss the big kobold.
The big kobold is moderately wounded.
The big kobold misses you.
You bite the big kobold!
The big kobold is heavily wounded.
You hit the big kobold.
The big kobold is severely wounded.
The big kobold hits you with a whip of electrocution.
You barely miss the big kobold.
The big kobold is severely wounded.
The big kobold hits you with a whip of electrocution.
You are electrocuted!
* * * LOW HITPOINT WARNING * * *
You hit the big kobold but do no damage.
The big kobold looks as sick as possible!
The big kobold is severely wounded.
The big kobold hits you with a whip of electrocution!
* * * LOW HITPOINT WARNING * * *
You are electrocuted!
You die... ### #.. #.# K5K

#K# #K# #K#
#s########
#p........
##..#######
##.#.#
##.###.###
#.## #..
##.###.###
##.#.#
#######..#####


You could see a big kobold, a crimson imp, 4 kobolds and a neutral freed slave.

Vanquished Creatures
  Erica (D:8)
  Pikel (D:8)
  The ghost of vishdafish the Bolt Thrower, an amateur FoHu of Elyvilon (D:3)
  2 slaves (D:8)
  A phantom (D:8)
  An ogre (D:4)
  A bullfrog (D:3)
  2 crimson imps (D:5)
  Ijyb (D:3)
  3 worker ants
  Natasha (D:2)
  A worker ant zombie (D:8)
  Robin (D:3)
  11 adders
  An ooze (D:4)
  A worm (D:2)
  2 dart slugs (D:1)
  2 leopard geckos
  9 orcs
  8 bats
  6 giant cockroaches
  13 goblins
  6 hobgoblins
  2 jackals (D:2)
  4 kobolds
  2 quokkas
  4 frilled lizards
  A rat (D:2)
89 creatures vanquished.

Vanquished Creatures (collateral kills)
  A centaur skeleton (D:4)
  A worker ant (D:5)
  A leopard gecko (D:1)
  A kobold (D:1)
4 creatures vanquished.

Grand Total: 93 creatures vanquished

Notes
Turn   | Place    | Note
-------+----------+-------------------------------------------
     0 | D:1      | tidbits the Gnoll Transmuter began the quest for the Orb.
     0 | D:1      | Reached XP level 1. HP: 17/17 MP: 6/6
   121 | D:1      | Reached XP level 2. HP: 20/23 MP: 5/7
   125 | D:1      | Learned a level 2 spell: Sticks to Snakes
   152 | D:2      | Noticed Natasha
   250 | D:1      | You fall through a shaft!
   265 | D:2      | Killed Natasha
   265 | D:2      | Reached skill level 5 in Spellcasting
   265 | D:2      | Reached XP level 3. HP: 16/28 MP: 2/9
   270 | D:2      | Learned a level 3 spell: Spider Form
   301 | D:2      | Reached skill level 1 in Invocations
   392 | D:2      | Reached skill level 1 in Short Blades
   392 | D:2      | Reached skill level 1 in Long Blades
   392 | D:2      | Reached skill level 1 in Axes
   392 | D:2      | Reached skill level 1 in Maces & Flails
   392 | D:2      | Reached skill level 1 in Polearms
   392 | D:2      | Reached skill level 1 in Staves
   392 | D:2      | Reached skill level 1 in Slings
   392 | D:2      | Reached skill level 1 in Bows
   392 | D:2      | Reached skill level 1 in Crossbows
   392 | D:2      | Reached skill level 1 in Throwing
   392 | D:2      | Reached skill level 1 in Armour
   392 | D:2      | Reached skill level 1 in Stealth
   392 | D:2      | Reached skill level 1 in Shields
   392 | D:2      | Reached skill level 1 in Evocations
   392 | D:2      | Reached XP level 4. HP: 30/34 MP: 1/11
   740 | D:3      | Noticed Robin
   754 | D:3      | Reached skill level 1 in Conjurations
   754 | D:3      | Reached skill level 1 in Hexes
   754 | D:3      | Reached skill level 1 in Charms
   754 | D:3      | Reached skill level 1 in Summonings
   754 | D:3      | Reached skill level 1 in Necromancy
   754 | D:3      | Reached skill level 1 in Translocations
   754 | D:3      | Reached skill level 1 in Fire Magic
   754 | D:3      | Reached skill level 1 in Ice Magic
   754 | D:3      | Reached skill level 1 in Air Magic
   754 | D:3      | Reached skill level 1 in Earth Magic
   754 | D:3      | Reached skill level 1 in Poison Magic
   761 | D:3      | Killed Robin
   779 | D:3      | Reached XP level 5. HP: 39/40 MP: 4/12
   966 | D:3      | Found a sparkling altar of Nemelex Xobeh.
   966 | D:3      | Found a transporter.
   977 | D:3      | Learned a level 4 spell: Ice Form
   983 | D:3      | Reached skill level 3 in Fighting
   983 | D:3      | Reached skill level 4 in Transmutations
  1047 | D:3      | Noticed vishdafish's ghost (amateur FoHu)
  1069 | D:3      | Killed vishdafish's ghost
  1069 | D:3      | Reached skill level 2 in Short Blades
  1069 | D:3      | Reached skill level 2 in Long Blades
  1069 | D:3      | Reached skill level 2 in Axes
  1069 | D:3      | Reached skill level 2 in Maces & Flails
  1069 | D:3      | Reached skill level 2 in Polearms
  1069 | D:3      | Reached skill level 2 in Staves
  1069 | D:3      | Reached skill level 2 in Slings
  1069 | D:3      | Reached skill level 2 in Bows
  1069 | D:3      | Reached skill level 2 in Crossbows
  1069 | D:3      | Reached skill level 2 in Throwing
  1069 | D:3      | Reached skill level 2 in Armour
  1069 | D:3      | Reached skill level 5 in Dodging
  1069 | D:3      | Reached skill level 2 in Stealth
  1069 | D:3      | Reached skill level 2 in Shields
  1069 | D:3      | Reached skill level 2 in Invocations
  1069 | D:3      | Reached skill level 2 in Evocations
  1069 | D:3      | Reached XP level 6. HP: 17/47 MP: 9/14
  1134 | D:3      | Noticed Ijyb
  1168 | D:3      | Killed Ijyb
  1222 | D:4      | Reached XP level 7. HP: 41/52 MP: 11/15
  1275 | D:4      | Reached skill level 7 in Unarmed Combat
  1331 | D:4      | Found Atipus's Food Shoppe.
  1437 | D:5      | Entered Level 5 of the Dungeon
  1461 | D:5      | Reached skill level 2 in Conjurations
  1461 | D:5      | Reached skill level 2 in Hexes
  1461 | D:5      | Reached skill level 2 in Charms
  1461 | D:5      | Reached skill level 2 in Summonings
  1461 | D:5      | Reached skill level 2 in Necromancy
  1461 | D:5      | Reached skill level 2 in Translocations
  1461 | D:5      | Reached skill level 2 in Fire Magic
  1461 | D:5      | Reached skill level 2 in Ice Magic
  1461 | D:5      | Reached skill level 2 in Air Magic
  1461 | D:5      | Reached skill level 2 in Earth Magic
  1461 | D:5      | Reached skill level 2 in Poison Magic
  1487 | D:6      | HP: 5/52 [poisoned by a worker ant]
  1670 | D:6      | Found a staircase to the Ecumenical Temple.
  1682 | Temple   | Entered the Ecumenical Temple
  1752 | Temple   | Became a worshipper of Cheibriados the Contemplative
  1933 | D:8      | Noticed Erica
  1944 | D:8      | Killed Erica
  1944 | D:8      | Reached skill level 4 in Fighting
  1944 | D:8      | Reached skill level 3 in Short Blades
  1944 | D:8      | Reached skill level 3 in Long Blades
  1944 | D:8      | Reached skill level 3 in Axes
  1944 | D:8      | Reached skill level 3 in Maces & Flails
  1944 | D:8      | Reached skill level 3 in Polearms
  1944 | D:8      | Reached skill level 3 in Staves
  1944 | D:8      | Reached skill level 3 in Slings
  1944 | D:8      | Reached skill level 3 in Bows
  1944 | D:8      | Reached skill level 3 in Crossbows
  1944 | D:8      | Reached skill level 3 in Throwing
  1944 | D:8      | Reached skill level 3 in Armour
  1944 | D:8      | Reached skill level 3 in Stealth
  1944 | D:8      | Reached skill level 3 in Shields
  1944 | D:8      | Reached skill level 6 in Spellcasting
  1944 | D:8      | Reached skill level 3 in Invocations
  1944 | D:8      | Reached skill level 3 in Evocations
  1944 | D:8      | Reached XP level 8. HP: 49/61 MP: 11/17
  1946 | D:8      | Noticed Pikel
  1955 | D:8      | Killed Pikel
  1955 | D:8      | Reached skill level 6 in Dodging
  1955 | D:8      | Reached skill level 3 in Conjurations
  1955 | D:8      | Reached skill level 3 in Hexes
  1955 | D:8      | Reached skill level 3 in Charms
  1955 | D:8      | Reached skill level 3 in Summonings
  1955 | D:8      | Reached skill level 3 in Necromancy
  1955 | D:8      | Reached skill level 3 in Translocations
  1955 | D:8      | Reached skill level 5 in Transmutations
  1955 | D:8      | Reached skill level 3 in Fire Magic
  1955 | D:8      | Reached skill level 3 in Ice Magic
  1955 | D:8      | Reached skill level 3 in Air Magic
  1955 | D:8      | Reached skill level 3 in Earth Magic
  1955 | D:8      | Reached skill level 3 in Poison Magic
  1955 | D:8      | Reached skill level 4 in Invocations
  1955 | D:8      | Reached XP level 9. HP: 54/66 MP: 6/18
  2019 | D:8      | Slain by a big kobold

Vault maps used:
D:1:      dpeg_arrival_houses_and_road
D:2:      first_ration, uniq_natasha
D:3:      grunt_nemelex_the_gamble, uniq_robin, uniq_ijyb
D:4:      minmay_diamond_boxcup, serial_shops, shop
D:5:      st_stairs_9, minmay_misc_feat_diagonals
D:6:      minmay_temple_entry_junction, uniq_menkaure
D:7:      old_forge
D:8:      nicolae_overflow_quartered_altars, uniq_erica, uniq_psyche, uniq_pikel
D:9:      hangedman_little_slice_of_home, kennysheep_generic_room_14
Temple:   minmay_temple_bridge_d

Skill      XL: |  1  2  3  4  5  6  7  8 |
---------------+-------------------------+-----
Spellcasting   | 5 6 |  6.4
Invocations    | 1 2 3 4 |  4.2
Short Blades   | 1 2 3 |  3.9
Long Blades    | 1 2 3 |  3.9
Axes           | 1 2 3 |  3.9
Maces & Flails | 1 2 3 |  3.9
Polearms       | 1 2 3 |  3.9
Staves         | 1 2 3 |  3.9
Slings         | 1 2 3 |  3.9
Bows           | 1 2 3 |  3.9
Crossbows      | 1 2 3 |  3.9
Throwing       | 1 2 3 |  3.9
Armour         | 1 2 3 |  3.9
Stealth        | 1 2 3 |  3.9
Shields        | 1 2 3 |  3.9
Evocations     | 1 2 3 |  3.9
Conjurations   | 1 2 3 |  3.2
Hexes          | 1 2 3 |  3.2
Charms         | 1 2 3 |  3.2
Summonings     | 1 2 3 |  3.2
Necromancy     | 1 2 3 |  3.2
Translocations | 1 2 3 |  3.2
Fire Magic     | 1 2 3 |  3.2
Ice Magic      | 1 2 3 |  3.2
Air Magic      | 1 2 3 |  3.2
Earth Magic    | 1 2 3 |  3.2
Poison Magic   | 1 2 3 |  3.2
Fighting       | 3 4 |  4.7
Transmutations | 4 5 |  5.0
Dodging        | 5 6 |  6.1
Unarmed Combat | 7 |  7.7

Action                   |  1- 3 |  4- 6 |  7- 9 || total
-------------------------+-------+-------+-------++-------
Melee: Unarmed           |    47 |    80 |    94 ||   221
       Kick              |     3 |       |       ||     3
       Headbutt          |     3 |       |       ||     3
       Bite              |     1 |     1 |     1 ||     3
       Punch             |     1 |       |       ||     1
       Dagger            |       |     1 |     2 ||     3
 Cast: Beastly Appendage |    10 |     1 |       ||    11
       Sticks to Snakes  |     5 |     4 |     7 ||    16
       Spider Form       |     3 |    16 |    15 ||    34
 Abil: End Transformatio |       |       |     2 ||     2
Evoke: Wand              |       |       |     3 ||     3
  Use: Potion            |       |     3 |     1 ||     4
 Stab: Distracted        |     1 |     2 |       ||     3
       Sleeping          |       |     3 |     3 ||     6
  Eat: Chunk             |       |     2 |     4 ||     6
Armor: Robe              |     8 |       |       ||     8
       Skin              |     1 |     4 |     1 ||     6
       Animal skin       |       |     3 |     3 ||     6
Dodge: Dodged            |    36 |    68 |    72 ||   176

Table legend:
 A = Spawn XP
 B = Non-spawn XP
 C = Spawn XP percentage of total XP
 D = Spawn monster count
 E = Non-spawn monster count
 F = Spawn count percentage of total count
 G = Total turns spent on level
                    A         B        C        D         E        F      G
               +---------+---------+-------+---------+---------+-------+---------
         Total |       0 |    2677 |   0.0 |       0 |      90 |   0.0 |  2019
               +---------+---------+-------+---------+---------+-------+---------
           D:1 |       0 |      29 |   0.0 |       0 |      14 |   0.0 |   285
           D:2 |       0 |      87 |   0.0 |       0 |      19 |   0.0 |   431
           D:3 |       0 |     494 |   0.0 |       0 |      25 |   0.0 |   502
           D:4 |       0 |     204 |   0.0 |       0 |      10 |   0.0 |   229
           D:5 |       0 |     187 |   0.0 |       0 |      11 |   0.0 |   192
           D:6 |       0 |      43 |   0.0 |       0 |       5 |   0.0 |    84
           D:7 |       0 |      13 |   0.0 |       0 |       1 |   0.0 |    75
           D:8 |       0 |    1620 |   0.0 |       0 |       5 |   0.0 |    78
               +---------+---------+-------+---------+---------+-------+---------

Table legend:
 A = Turns spent in this place as a percentage of turns spent in the entire game.
 B = Non-inter-level travel turns spent in this place as a percentage of non-inter-level travel turns spent in the entire game.
 C = Inter-level travel turns spent in this place as a percentage of turns spent in this place.
 D = Turns resting spent in this place as a percentage of non-inter-level travel turns spent in this place.
 E = Turns spent auto-exploring this place as a percentage of non-inter-level travel turns spent in this place.
 F = Non-inter-level travel turns spent in this place divided by the number of levels of this place that you've seen.
                   A       B       C       D       E      F
               +-------+-------+-------+-------+-------+----------------------
         Total | 100.0 | 100.0 |   7.5 |   0.0 |   0.0 | 186.7
       Dungeon |  93.0 |  99.5 |   1.1 |   0.0 |   0.0 | 206.4
        Temple |   7.0 |   0.5 |  93.6 |   0.0 |   0.0 |   9.0
               +-------+-------+-------+-------+-------+----------------------

Table legend:
 A = Kills in this place as a percentage of kills in entire the game.
 B = Kills by you in this place as a percentage of kills by you in the entire game.
 C = Kills by friends in this place as a percentage of kills by friends in the entire game.
 D = Other kills in this place as a percentage of other kills in the entire game.
 E = Experience gained in this place as a percentage of experience gained in the entire game.
 F = Experience gained in this place divided by the number of levels of this place that you have seen.
                   A       B       C       D       E      F
               +-------+-------+-------+-------+-------+----------------------
         Total | 100.0 | 100.0 | 100.0 |   N/A | 100.0 | 267.7
       Dungeon | 100.0 | 100.0 | 100.0 |   N/A | 100.0 | 297.4
               +-------+-------+-------+-------+-------+----------------------

Vault maps used:
D:1:      dpeg_arrival_houses_and_road
D:2:      first_ration, uniq_natasha
D:3:      grunt_nemelex_the_gamble, uniq_robin, uniq_ijyb
D:4:      minmay_diamond_boxcup, serial_shops, shop
D:5:      st_stairs_9, minmay_misc_feat_diagonals
D:6:      minmay_temple_entry_junction, uniq_menkaure
D:7:      old_forge
D:8:      nicolae_overflow_quartered_altars, uniq_erica, uniq_psyche, uniq_pikel
D:9:      hangedman_little_slice_of_home, kennysheep_generic_room_14
Temple:   minmay_temple_bridge_d
